 Seeded DCSS version 0.30.1-9-gdf580d7c3d (webtiles) character file.

Game seed: 7229806256980976716 (custom seed)

1892 Psyclone the Geomancer (level 9, -5/68 HPs)
             Began as a Meteoran Earth Elementalist on Oct 16, 2023.
             Slain by an orc warrior
             ... wielding a +0 broad axe
              (8 damage)
             ... on level 6 of the Dungeon.
             The game lasted 00:05:06 (1728 turns).

Psyclone the Geomancer (MeEE)                       Turns: 1728, Time: 00:05:07

Health: -5/68      AC:  5    Str:  7    XL:     9   Next: 64%
Magic:  15/23      EV: 12    Int: 30    God:
Gold:   3927       SH:  0    Dex: 13    Spells: 20/26 levels left

rFire   . . .        p - staff of earth
rCold   . . .        (no shield)
rNeg    . . .        a - +0 robe
rPois   .            (no helmet)
rElec   .            (no cloak)
rCorr   .            n - +0 pair of gloves
SInv    .            (no boots)
Will    +....        (no amulet)
Stlth   +            (no ring)
HPRegen 0.31/turn    (no ring)
MPRegen 0.18/turn

%: no passive effects
@: glowing
A: sense surroundings 2, otherworldly, glowing, explore regen, iridescent scales
1, clever 2, robust 1, MP-powered wands, noise suppression
a: no special abilities


You were on level 6 of the Dungeon.
You visited 1 branch of the dungeon, and saw 6 of its levels.
You also visited: Ossuary.

You collected 3927 gold pieces.

Inventory:

Missiles
 d - a throwing net {!f}
Armour
 a - a +0 robe (worn)
 n - a +0 pair of gloves (worn)
Magical Staves
 p - a staff of earth (weapon)
Scrolls
 c - 3 scrolls of amnesia {unknown}
 e - 4 scrolls of identify {unknown}
 f - 2 scrolls of blinking {unknown}
 h - 2 scrolls of enchant armour {unknown}
 l - a scroll of poison {unknown}
 t - 3 scrolls of vulnerability {unknown}
 u - 2 scrolls of magic mapping {unknown}
 w - 2 scrolls of silence {unknown}
 y - a scroll of butterflies {unknown}
 z - a scroll of fog {unknown}
Potions
 b - a potion of magic
 g - 3 potions of might {unknown}
 i - 5 potions of curing {unknown}
 j - a potion of invisibility {unknown}
 k - a potion of brilliance {unknown}
 m - a potion of mutation
 o - 2 potions of cancellation {unknown}
 q - 4 potions of attraction {unknown}
 r - 2 potions of flight {unknown}
 s - a potion of heal wounds {unknown}
 v - a potion of degeneration {unknown}
 x - a potion of berserk rage {unknown}
 A - a potion of ambrosia {unknown}
 B - a potion of lignification {unknown}
 C - a potion of haste {unknown}


   Skills:
 - Level 2.4 Dodging
 - Level 1.4 Stealth
 * Level 9.3 Spellcasting
 - Level 6.0 Transmutations
 * Level 9.6 Earth Magic


You had 20 spell levels left.
You knew the following spells:

 Your Spells              Type           Power      Damage    Failure   Level
a - Sandblast             Erth           100%       2d20      1%          1
b - Passwall              Tmut/Erth      61%        N/A       1%          2
c - Stone Arrow           Conj/Erth      100%       3d13      1%          3

Your spell library contained the following spells:

 Spells                   Type           Power      Damage    Failure   Level
 Petrify                  Tmut/Erth      74%        N/A       1%          4
 Cigotuvi's Dreadful Rot  Necr/Pois/Air  26%        N/A       6%          2
 Poisonous Vapours        Pois/Air       26%        N/A       6%          2
 Mephitic Cloud           Conj/Pois/Air  13%        N/A       12%         3
 Dispel Undead            Necr           13%        3d9       36%         4
 Freezing Cloud           Conj/Ice/Air   6%         6-21      71%         5
 Death Channel            Necr           6%         N/A       99%         6


Dungeon Overview and Level Annotations

Branches:
Dungeon (6/15) Zot: 2294   Temple (0/1) D:4         Ossuary (visited)

Altars:
Elyvilon
Qazlal

Annotations:
D:3 3 runed translucent doors


Innate Abilities, Weirdness & Mutations

You passively map the area around you.
You are easily found by Zot.
You glow in the dark.
You regain HP and MP as you explore.
You are partially covered in iridescent scales. (AC +2)
Your mind is very acute. (Int +8, Str/Dex -2)
You are robust. (+10% HP)
You expend magic power (3 MP) to strengthen your wands.
You passively dampen the noise of your surroundings.


Message History

Press: ? - help, Shift-Dir - straight line, f/p - orc
Aim: an orc, wielding a +0 trident (85% to hit)
You feel a surge of power!
The blast of sand hits the orc warrior!
The orc warrior is severely wounded.
The orc warrior hits you with a +0 broad axe!
The orc hits you from afar with a +0 trident. x2
You take 13 damage, and have 31/68 hp.
Casting: Sandblast (safe; 1% risk of failure)
Confirm with . or Enter, or press ? or * to list all spells.
Aiming: Sandblast (safe; 1% risk of failure)
Press: ? - help, Shift-Dir - straight line, f/p - orc
Aim: an orc, wielding a +0 trident (85% to hit)
You feel a surge of power!
The blast of sand hits the orc!!
You kill the orc!
The orc warrior hits you with a +0 broad axe!
You take 9 damage, and have 22/68 hp.
You now have 16/23 mp.
Casting: Sandblast (safe; 1% risk of failure)
Confirm with . or Enter, or press ? or * to list all spells.
Aiming: Sandblast (safe; 1% risk of failure)
Press: ? - help, Shift-Dir - straight line, f - orc wizard
Aim: an orc wizard, wielding a +0 dagger and wearing a +0 robe (82% to hit)
You feel a surge of power!
The blast of sand hits the orc wizard!
The orc wizard is severely wounded.
The orc warrior hits you with a +0 broad axe!
* * * LOW HITPOINT WARNING * * *
The orc wizard hits you with a +0 dagger.
* * * LOW HITPOINT WARNING * * *
The orc warrior hits you with a +0 broad axe!
* * * LOW HITPOINT WARNING * * *
The orc wizard hits you but does no damage.
You take 20 damage, and have 2/68 hp.
MASSIVE DAMAGE!!
You now have 15/23 mp.
Casting: Sandblast (safe; 1% risk of failure)
Confirm with . or Enter, or press ? or * to list all spells.
Aiming: Sandblast (safe; 1% risk of failure)
Press: ? - help, Shift-Dir - straight line, f/p - orc wizard
Aim: an orc wizard, wielding a +0 dagger and wearing a +0 robe (severely wounded, 82% to hit)
You feel a surge of power!
The blast of sand hits the orc wizard!!
You kill the orc wizard!
The orc warrior hits you with a +0 broad axe!
You die...

.# #..[.)..'...'..†.(..#)#..#~~
.#####...!...#...#.......#......P
.....##.....##...##.....##.#..#..
####.###...###...###...##<.......
#.# ##### #...# ######..#...#.
#.# #...#**...##........ #.#* ,
,, #...# )....##.#.#.## #.#
,#...#...... #.#..... #.#, , ,,
+..@)..[.). #...<... #.#, ,
#..o#)..... #....... #.# ,
#)..##.....##.##..## #.# *#....#
...##........ #.##########.#.#
*###......... #............#.#
#......... #########....#.#
#......... ####.#)# #.........
#.#)# #..##.#...


You could see an orc warrior.

Vanquished Creatures
  An ice beast (D:6)
  2 hornet zombies (Ossuary)
  A bullfrog (D:6)
  4 scorpions
  2 wyvern zombies (Ossuary)
  2 water moccasin zombies (Ossuary)
  A howler monkey (D:6)
  2 electric eels (D:6)
  3 bullfrog zombies (Ossuary)
  2 centaur zombies (Ossuary)
  A gnoll bouda (D:6)
  2 jellies
  4 orc priests (D:6)
  A hound (D:6)
  An iguana (D:6)
  A sleepcap (D:4)
  2 orc wizards (D:6)
  3 killer bee zombies (Ossuary)
  16 mummies
  2 howler monkey zombies (Ossuary)
  5 gnolls (D:6)
  4 adders
  A shadow imp (D:5)
  An ufetubus (D:6)
  A worm (D:3)
  8 orcs (D:6)
  2 ball pythons
  2 bats
  An endoplasm (D:2)
  4 giant cockroaches
  2 goblins (D:4)
  4 hobgoblins
  6 jackals
  A kobold (D:4)
  2 quokkas
  A frilled lizard (D:1)
  A goblin zombie (D:4)
  An orc zombie (D:4)
  3 rats
103 creatures vanquished.

Notes
Turn   | Place    | Note
-------+----------+-------------------------------------------
     0 | D:1      | Psyclone the Meteoran Earth Elementalist began the quest
                  | for the Orb.
     0 | D:1      | Reached XP level 1. HP: 14/14 MP: 5/5
    64 | D:1      | Identified 3 scrolls of acquirement
    64 | D:1      | Acquired 1248 gold pieces
    65 | D:1      | Acquired 1275 gold pieces
    88 | D:1      | Acquired 1252 gold pieces
   159 | D:1      | Reached XP level 2. HP: 20/20 MP: 3/6
   193 | D:1      | Gained mutation: You are partially covered in iridescent
                  | scales. (AC +2) [potion of mutation]
   193 | D:1      | Gained mutation: You expend magic power (3 MP) to
                  | strengthen your wands. [potion of mutation]
   193 | D:1      | Gained mutation: You have hidden genetic potential. [potion
                  | of mutation]
   193 | D:1      | Gained mutation: You have great hidden genetic potential.
                  | [potion of mutation]
   301 | D:2      | Reached XP level 3. HP: 26/26 MP: 6/8
   325 | D:2      | Reached XP level 4. HP: 33/33 MP: 5/10
   328 | D:2      | Learned a level 2 spell: Passwall
   328 | D:2      | Gained mutation: You passively dampen the noise of your
                  | surroundings. [hidden potential]
   332 | D:2      | Learned a level 3 spell: Stone Arrow
   460 | D:3      | Found a runed translucent gate.
   460 | D:3      | Found a runed translucent gate.
   460 | D:3      | Found a runed translucent gate.
   527 | D:4      | Noticed a scorpion
   532 | D:4      | Killed a scorpion
   533 | D:4      | Reached skill level 5 in Earth Magic
   533 | D:4      | Reached XP level 5. HP: 38/38 MP: 8/12
   534 | D:4      | Gained mutation: You are robust. (+10% HP) [hidden
                  | potential]
   534 | D:4      | Lost mutation: You have great hidden genetic potential.
                  | [hidden potential expressed]
   588 | D:4      | Found a white marble altar of Elyvilon.
   600 | D:4      | Reached XP level 6. HP: 49/49 MP: 12/14
   676 | D:4      | Found a staircase to the Ecumenical Temple.
   692 | D:4      | Found a stormy altar of Qazlal.
   750 | D:4      | Found a sand-covered staircase.
   755 | Ossuary  | Entered an ossuary
   763 | Ossuary  | Reached skill level 5 in Spellcasting
   772 | Ossuary  | Gained mutation: Your mind is acute. (Int +4, Str/Dex -1)
                  | [hidden potential]
   776 | Ossuary  | Reached XP level 7. HP: 44/55 MP: 6/16
   904 | Ossuary  | Gained mutation: Your mind is very acute. (Int +8, Str/Dex
                  | -2) [hidden potential]
   904 | Ossuary  | Lost mutation: You have hidden genetic potential. [hidden
                  | potential expressed]
   970 | Ossuary  | Reached XP level 8. HP: 52/62 MP: 4/18
  1209 | Ossuary  | Reached skill level 5 in Transmutations
  1214 | Ossuary  | Glimpsed the power of Zot.
  1242 | D:5      | Entered Level 5 of the Dungeon
  1328 | D:5      | Gained mutation: You passively map the area around you.
                  | [Meteoran growth]
  1328 | D:5      | Reached XP level 9. HP: 67/68 MP: 18/21
  1727 | D:6      | HP: 2/68 [orc warrior/+0 broad axe (9)]
  1728 | D:6      | Slain by an orc warrior

Illustrated notes

Levels and vault maps discovered:
D:1:      spicycebolla_arrival_ecumenical, layout_loops_ring
D:2:      layout_basic
D:3:      layout_rooms, mainiacjoe_overflow_paths, gammafunk_ghost_necromancy
D:4:      layout_rooms, tso_metal_star, mainiacjoe_overflow_catwalk,
          elyvilon_altar_5, minmay_temple_entry_stoned_glass,
          nicolae_ossuary_entry_giza, minmay_misc_feat_square, minivault_4
D:5:      layout_basic
D:6:      kennysheep_six_static_rooms, layout_basic, serial_shops,
          nicolae_shop_stone, serial_bayou_lagoon_b

Skill      XL: |  1  2  3  4  5  6  7  8  9 |
---------------+----------------------------+-----
Spellcasting   | 3 4 5 6 7 9 |  9.3
Earth Magic    | 4 5 6 7 8 9 |  9.6
Transmutations | 2 3 4 5 6 |  6.0
Dodging        | |  2.4
Stealth        | |  1.4

Action                     |  1- 3 |  4- 6 |  7- 9 || total
---------------------------+-------+-------+-------++-------
  Melee: Staff             |       |       |     2 ||     2
   Cast: Sandblast         |    13 |    41 |   111 ||   165
         Passwall          |       |     4 |       ||     4
    Use: Scroll            |     3 |       |       ||     3
         Potion            |     1 |       |       ||     1
 Armour: Robe              |       |     3 |    14 ||    17
  Dodge: Dodged            |     1 |     3 |    32 ||    36
